 Dungeon Crawl Stone Soup version 0.31.0-32-g396128a36d (webtiles) character file.

Game seed: 17957996645616021388

16 PaiMei the Grave Robber (level 2, -1/19 HPs)
             Began as a Demonspawn Necromancer on Apr 11, 2024.
             Slain by a hobgoblin (5 damage)
             ... on level 1 of the Dungeon.
             The game lasted 00:01:08 (396 turns).

PaiMei the Grave Robber (Demonspawn Necromancer)     Turns: 396, Time: 00:01:09

Health: -1/19      AC:  2    Str:  8    XL:     2   Next: 41%
Magic:  2/5        EV: 12    Int: 17    God:
Gold:   0          SH:  0    Dex: 13    Spells: 4/5 levels left

rFire   . . .        d - +0 club
rCold   . . .        (no shield)
rNeg    . . .        a - +0 robe
rPois   .            (no helmet)
rElec   .            (no cloak)
rCorr   .            (no gloves)
SInv    .            (no boots)
Will    .....        (no amulet)
Stlth   ++           (no ring)
HPRegen 0.23/turn    (no ring)
MPRegen 0.09/turn

%: no passive effects
@: no status effects
A: big brain 1
a: no special abilities


You were on level 1 of the Dungeon.
You visited 1 branch of the dungeon, and saw 1 of its levels.

Inventory:

Hand Weapons
 d - a +0 club (weapon)
Armour
 a - a +0 robe (worn)
Potions
 b - a potion of magic
 c - a potion of haste {unknown}
 e - a potion of curing {unknown}


   Skills:
 + Level 2.1 Dodging
 + Level 2.1 Stealth
 + Level 2.2 Spellcasting
 + Level 4.5 Necromancy


You had 4 spell levels left.
You knew the following spells:

 Your Spells              Type           Power      Damage    Failure   Level
a - Necrotise             Necr           68%        1d7       3%          1

Your spell library contained the following spells:

 Spells                   Type           Power      Damage    Failure   Level
 Vampiric Draining        Necr           17%        2d7       9%          3
 Animate Dead             Necr           17%        N/A       28%         4
 Curse of Agony           Necr           17%        N/A       63%         5


Dungeon Overview and Level Annotations

Branches:
Dungeon (1/15)

Altars:


Innate Abilities, Weirdness & Mutations

You have an unusually large brain. (Int +2)


Message History

You can't see any susceptible monsters within range! (Use Z to cast anyway.)
You swap places.
The dart slug closely misses you.
You hit the dart slug.
You kill the dart slug!
An endoplasm comes into view.
Found an amethyst potion.
Found a ring mail.
An endoplasm is nearby!
A rat and a hobgoblin come into view.
The rat squeaks loudly.
Your goblin skeleton crumbles into dust!
The rat moves out of view.
The hobgoblin shouts!
You hit the endoplasm.
The endoplasm is heavily wounded.
The endoplasm misses you.
You hit the endoplasm.
The endoplasm is almost dead.
The hobgoblin hits you but does no damage.
The endoplasm hits you.
You barely miss the endoplasm.
The endoplasm is almost dead.
The rat closely misses you. The hobgoblin barely misses you.
The endoplasm hits you. The rat closely misses you. The hobgoblin hits you.
The endoplasm freezes you.
You are frozen.
You hit the endoplasm.
You kill the endoplasm!
The hobgoblin hits you. The rat bites you.
* * * LOW HITPOINT WARNING * * *
The rat barely misses you. The hobgoblin misses you.
You see here an amethyst potion.
Casting: Necrotise (safe; 3% risk of failure)
Confirm with . or Enter, or press ? or * to list all spells.
Aiming: Necrotise (safe; 3% risk of failure)
Press: ? - help, Shift-Dir - straight line, f - rat
Aim: a rat (chance to affect: 87%)
The rat writhes in agony.
The rat barely misses you. The hobgoblin hits you.
You die...

## .#.# ..###
#.#.#### ...
.#.......
...###.##.#.......
......r@g........
...#.##.###......
#.#......# #
.#...###.####.#
#...............#
#.....#.......####.#
#....########.#
.............#
............#


You could see a hobgoblin and a rat.

Vanquished Creatures
  A dart slug (D:1)
  An endoplasm (D:1)
  A giant cockroach (D:1)
  A hobgoblin (D:1)
  A ball python (D:1)
  A bat (D:1)
  3 goblins (D:1)
  2 kobolds (D:1)
  2 rats (D:1)
13 creatures vanquished.

Vanquished Creatures (collateral kills)
  A giant cockroach (D:1)
  A frilled lizard (D:1)
2 creatures vanquished.

Grand Total: 15 creatures vanquished

Notes
Turn   | Place    | Note
-------+----------+-------------------------------------------
     0 | D:1      | PaiMei the Demonspawn Necromancer began the quest for the
                  | Orb.
     0 | D:1      | Reached XP level 1. HP: 13/13 MP: 3/3
   197 | D:1      | Gained mutation: You have an unusually large brain. (Int
                  | +2) [demonic ancestry]
   197 | D:1      | Reached XP level 2. HP: 19/19 MP: 1/5
   396 | D:1      | Slain by a hobgoblin

Illustrated notes

Levels and vault maps discovered:
D:1:      dpeg_arrival_shrine, layout_basic, serial_forest,
          infiniplex_forest_diagonal, infiniplex_forest_corner_1,
          infiniplex_forest_lined_ring, infiniplex_forest_lined_2,
          infiniplex_forest_corner_1, infiniplex_forest_zigzag_2,
          shapermc_ecumenical_altar_notcrosses, minmay_tromino_mix6

Skill      XL: |  1 |
---------------+----+-----
Dodging        | 2 |  2.1
Stealth        | 2 |  2.1
Spellcasting   | |  2.2
Necromancy     | |  4.5

Action                     || total
---------------------------++-------
  Melee: Club              ||    11
   Cast: Necrotise         ||    19
 Armour: Robe              ||     9
  Dodge: Dodged            ||    15
